 Dungeon Crawl Stone Soup version 0.28.0-53-g5a82cb258f (webtiles) character file.

Game seed: 13840837971697074491

44941 styxcanada the Unseen (level 13, 0/56 (65) HPs)
             Began as a Spriggan Brigand on Aug 11, 2022.
             Was an Initiate of Gozag.
             Slain by a black mamba (6 damage)
             ... on level 6 of the Lair of Beasts on Aug 12, 2022.
             The game lasted 01:47:35 (22146 turns).

styxcanada the Unseen (Spriggan Brigand)           Turns: 22146, Time: 01:47:35

HP:   0/56 (65)     AC: 22    Str: 17    XL:     13   Next: 99%
MP:   26/26         EV: 24    Int: 14    God:    Gozag
Gold: 3486          SH: 17    Dex: 30    Spells: 23/29 levels left

rFire   + + .      SeeInvis +   B - +5 short sword of the Harvest {speed, Dex+4}
rCold   x . .      Faith    .   v - +2 buckler {rC+}
rNeg    . . .      Spirit   .   t - +7 fire dragon scales of Thoughtfulness {+Inv rF++ rC- Str+4}
rPois   +          Reflect  +   a - +2 hat {Stlth+}
rElec   +          Harm     .   c - +2 cloak
rCorr   .          Rampage  .   (gloves unavailable)
Will    ++...                   (boots unavailable)
Stlth   +++++++...              L - amulet "Xextieq" {Reflect rElec rPois rC- SH+5 Stlth+}
HPRegen 0.18/turn               h - +6 ring of strength
MPRegen 0.20/turn               n - +6 ring of dexterity

@: heavily drained, very quick
A: very small, no large weapons, unfitting armour, see invisible, speed 3
a: Renounce Religion, Evoke Invisibility, Potion Petition, Call Merchant, Bribe
Branch


You were on level 6 of the Lair of Beasts.
You worshipped Gozag.
Gozag was most pleased with you.
You visited 3 branches of the dungeon, and saw 16 of its levels.
You also visited: Ossuary.

You collected 5874 gold pieces.
You spent 1105 gold pieces at shops.
You paid 1283 gold pieces to Gozag.

Inventory:

Hand Weapons
 f - a +2 short sword of protection
 l - a +0 hunting sling of venom
 q - the +10 mace of the Realm of Zot {drain, *Noise rPois rN+++}
   (You found it on level 3 of the Dungeon)

   A truly terrible weapon, it drains the life of any living foe it strikes.
   rPois:     It protects you from poison.
   rN:        It renders you almost immune to negative energy.
   *Noise:    It may make noises in combat.
 B - the +5 short sword of the Harvest (weapon) {speed, Dex+4}
   (You found it on level 1 of the Lair of Beasts)

   Attacks with this weapon are significantly faster.
   Dex:       It affects your dexterity (+4).
 E - a +2 dagger of venom
Missiles
 d - 14 poisoned darts (quivered)
 e - 2 curare-tipped darts
 j - 134 sling bullets
 m - 11 boomerangs
 P - 3 atropa-tipped darts
Armour
 a - a +2 hat of stealth (worn)
 c - a +2 cloak (worn)
 t - the +7 fire dragon scales of Thoughtfulness (worn) {+Inv rF++ rC- Str+4}
   (You acquired it on level 5 of the Dungeon)

   Str:       It affects your strength (+4).
   rF:        It greatly protects you from fire.
   rC:        It makes you vulnerable to cold.
   +Inv:      It lets you turn invisible.
 v - a +2 buckler of cold resistance (worn)
Jewellery
 h - a +6 ring of strength (left hand)
 n - a +6 ring of dexterity (right hand)
 w - a ring of magical power
 x - a ring of protection from cold
 G - the ring "Tirphaz" {rElec rCorr Stlth+}
   (You found it on level 5 of the Lair of Beasts)

   [ring of resist corrosion]

   rElec:     It insulates you from electricity.
   rCorr:     It protects you from acid and corrosion.
   Stlth:     It makes you more stealthy.
 L - the amulet "Xextieq" (around neck) {Reflect rElec rPois rC- SH+5 Stlth+}
   (You bought it in a shop on level 9 of the Dungeon)

   [amulet of reflection]

   It reflects blocked missile attacks.
   rC:        It makes you vulnerable to cold.
   rElec:     It insulates you from electricity.
   rPois:     It protects you from poison.
   SH:        It affects your SH (+5).
   Stlth:     It makes you more stealthy.
Wands
 K - a wand of mindburst (2)
Scrolls
 i - a scroll of identify
 y - a scroll of silence
 D - 4 scrolls of teleportation
 F - 2 scrolls of enchant armour
 I - a scroll of magic mapping
 J - a scroll of summoning
 M - a scroll of enchant weapon
 O - a scroll of blinking
Potions
 g - 3 potions of berserk rage
 k - 2 potions of magic
 o - 4 potions of might
 r - 3 potions of brilliance
 s - 6 potions of curing
 u - 3 potions of flight
 z - 4 potions of haste
 A - a potion of resistance
 C - 2 potions of heal wounds
 N - a potion of lignification
Miscellaneous
 b - a tin of tremorstones (2/2)
 H - a piece from Xom's chessboard (15/15)


   Skills:
 + Level 6.0 Fighting
 + Level 8.8 Short Blades
 + Level 3.5 Maces & Flails
 + Level 3.6(5.1) Slings
 + Level 4.5(5.0) Throwing
 * Level 5.2 Armour
 * Level 10.6 Dodging
 * Level 15.3 Stealth
 + Level 6.1 Shields
 * Level 8.8 Spellcasting
 * Level 3.0 Conjurations
 * Level 5.6 Summonings
 * Level 6.6 Translocations
 * Level 9.0 Evocations


You had 23 spell levels left.
You knew the following spells:

 Your Spells              Type           Power      Damage    Failure   Level
a - Call Canine Familiar  Summ           22%        N/A       26%         3
b - Magic Dart            Conj           56%        1d5       24%         1
c - Blink                 Tloc           48%        N/A       9%          2

Your spell library contained the following spells:

 Spells                   Type           Power      Damage    Failure   Level
 Summon Small Mammal      Summ           88%        N/A       9%          1
 Gell's Gravitas          Tloc           24%        N/A       17%         3
 Lesser Beckoning         Tloc           24%        N/A       17%         3
 Teleport Other           Tloc           24%        N/A       17%         3
 Searing Ray              Conj           28%        2d5       36%         2
 Portal Projectile        Hex/Tloc       30%        N/A       54%         3
 Summon Guardian Golem    Hex/Summ       14%        N/A       63%         3
 Animate Skeleton         Necr           12%        N/A       65%         1
 Pain                     Necr           24%        1d5       65%         1
 Manifold Assault         Tloc           24%        N/A       83%         5
 Vampiric Draining        Necr           6%         2d6       95%         3
 Fulminant Prism          Conj/Hex       5%         3d7       99%         4
 Leda's Liquefaction      Hex/Erth       3%         N/A       100%        4
 Dispersal                Tloc           12%        N/A       100%        6
 Malign Gateway           Summ/Tloc      11%        N/A       100%        7
 Summon Horrible Things   Summ           11%        N/A       100%        8


Dungeon Overview and Level Annotations

Branches:
Dungeon (9/15)             Temple (1/1) D:4            Lair (6/6) D:9
 Shoals (0/4) Lair:4        Snake (0/4) Lair:3        Slime (0/5) Lair:5
    Orc (0/2) D:9         Ossuary (visited)

Altars:
Elyvilon
Gozag
Nemelex Xobeh
Okawaru
Qazlal
Trog
Yredelemnul
Zin
The Shining One

Shops:
D:7 ((   D:9 =*

Annotations:
Lair:2 3 runed translucent doors, Pogiss's ghost, adept KoBr


Innate Abilities, Weirdness & Mutations

You are very small and have problems with some larger weapons.
You are too small for most types of armour.
You have supernaturally acute eyesight. (SInv)
You cover ground extremely quickly. (Speed+++)


Message History

The black mamba hisses angrily.
You block the black mamba's attack.
A seven-headed hydra and a basilisk come into view.
The lindwurm roars!
The komodo dragon hisses angrily.
You hit the black mamba.
The black mamba is lightly wounded.
The basilisk hisses angrily.
You hear a roar!
The black mamba misses you.
The seven-headed hydra roars!
The steam dragon hisses angrily.
You miss the black mamba.
The black mamba is lightly wounded.
The black mamba bites you.
You completely miss the black mamba.
The black mamba is lightly wounded.
You block the black mamba's attack.
You hit the black mamba.
The black mamba is moderately wounded.
You closely miss the black mamba.
The black mamba is moderately wounded.
The black mamba misses you.
You hit the black mamba but do no damage.
The black mamba is moderately wounded.
The black mamba completely misses you.
A four-headed hydra comes into view.
The four-headed hydra roars!
You puncture the black mamba!
The black mamba is heavily wounded.
You block the black mamba's attack.
You closely miss the black mamba.
The black mamba is heavily wounded.
You block the black mamba's attack. You block the lindwurm's attack.
The lindwurm completely misses you.
The lindwurm claws you but does no damage.
You puncture the black mamba!
The black mamba is severely wounded.
The black mamba bites you!
* * * LOW HITPOINT WARNING * * *
The black mamba bites you.
You die...
Your body crumbles into a pile of gold.

# ≈≈ ##....§§§§≈#).....
# ##≈##....§.§§§§#$ ..
#≈§#§.......§§≈# ...
#≈§§.....§.§§≈§##$...#
##≈≈.......§.##§######§
#≈≈.§.)....##≈≈≈≈§§§§≈
##≈≈^#.....#≈§§§§#≈§§≈
#§≈.#.#..#§§§§# ...##
##§§###8##≈§@S#l.....
#8§≈ ###≈≈§≈§kl...D.
#### ###≈§
#§§≈§##DD.... ...## ≈≈
#≈§§### ..... ....##
#9≈≈≈≈§ .... .F.!.#
≈###§ ##. .....# ##
#F.(## .#Y$.#


You could see a seven-headed hydra, a four-headed hydra, a lindwurm, a komodo
dragon, a black mamba and a steam dragon.

Vanquished Creatures
  Rupert (Lair:6)
  Gastronok (Lair:1)
  A fire dragon (Lair:1)
  5 hydras
  A two-headed ogre (D:9)
  Nergalle (Lair:1)
  4 oklob plants (Lair:5)
  14 black mambas
  3 molten gargoyles (Lair:6)
  9 cane toads
  3 elephants (Lair:6)
  2 rime drakes
  12 komodo dragons
  A troll (D:9)
  4 polar bears
  12 blink frogs
  A snapping turtle (Lair:4)
  5 dream sheep (Lair:4)
  7 wyverns
  A vampire (D:9)
  Eustachio (D:6)
  56 yaks
  A basilisk (D:9)
  A steam dragon (D:9)
  Edmund (D:6)
  4 hell hounds (Lair:6)
  22 water moccasins
  3 orc warriors
  A sky beast (D:8)
  8 black bears
  4 centaurs
  22 wolves
  2 ogres (D:4)
  2 phantoms
  12 bullfrogs
  3 kobold brigands
  An elf zombie (Ossuary)
  A gnoll sergeant (D:9)
  4 scorpions
  A wyvern skeleton (D:7)
  2 water moccasin skeletons (D:4)
  5 killer bees
  3 wights (D:6)
  4 electric eels
  A howler monkey (D:8)
  A bullfrog zombie (D:7)
  3 lava snakes (Lair:6)
  2 centaur zombies (Ossuary)
  3 hounds
  3 orc priests
  8 jellies
  2 bullfrog skeletons (D:5)
  Crazy Yiuf (D:3)
  An iguana (D:6)
  11 orc wizards
  7 hell rats (Lair:5)
  A killer bee zombie (D:7)
  3 howler monkey zombies
  2 mummies (Ossuary)
  8 adders
  12 gnolls
  A howler monkey skeleton (D:7)
  A shadow imp (D:8)
  A white imp (D:5)
  An adder skeleton (D:4)
  2 adder zombies (Ossuary)
  4 worms
  2 dart slugs
  35 orcs
  6 bats
  10 endoplasms
  2 giant cockroaches (D:2)
  19 goblins
  19 hobgoblins
  4 jackals (D:3)
  35 kobolds
  7 quokkas
  3 ball pythons
  7 frilled lizards
  2 goblin zombies (Ossuary)
  11 hobgoblin zombies (Ossuary)
  A jackal zombie (Ossuary)
  10 kobold zombies (Ossuary)
  4 orc zombies (Ossuary)
  4 rats
  2 rat zombies (Ossuary)
  A butterfly (Lair:4)
515 creatures vanquished.

Vanquished Creatures (others)
  A bush (D:9)
  29 fungi
  67 plants
97 creatures vanquished.

Grand Total: 612 creatures vanquished

Notes
Turn   | Place    | Note
-------+----------+-------------------------------------------
     0 | D:1      | styxcanada the Spriggan Brigand began the quest for the
                  | Orb.
     0 | D:1      | Reached XP level 1. HP: 10/10 MP: 2/2
    30 | D:1      | Reached skill level 6 in Stealth
    93 | D:1      | Reached XP level 2. HP: 14/14 MP: 3/3
   567 | D:1      | Found a faded altar of an unknown god.
   654 | D:1      | Reached skill level 7 in Stealth
   974 | D:1      | Reached XP level 3. HP: 18/18 MP: 4/4
  1634 | D:2      | Reached XP level 4. HP: 23/23 MP: 5/5
  1642 | D:2      | You fall into a shaft and drop 2 floors!
  1660 | D:4      | Noticed an ogre
  1776 | D:4      | Reached skill level 8 in Stealth
  1776 | D:4      | Reached XP level 5. HP: 21/26 MP: 6/6
  1784 | D:4      | Found a staircase to the Ecumenical Temple.
  1790 | Temple   | Entered the Ecumenical Temple
  1872 | Temple   | Became a worshipper of Gozag Ym Sagoz the Greedy
  1928 | D:4      | Noticed an ogre
  1967 | D:4      | Killed an ogre
  2399 | D:3      | Found a runed translucent door.
  2400 | D:3      | Noticed Crazy Yiuf
  2417 | D:3      | Killed Crazy Yiuf
  2418 | D:3      | Reached XP level 6. HP: 32/32 MP: 7/7
  2436 | D:3      | Identified the +10 mace of the Realm of Zot {drain, *Noise
                  | rPois rN+++}
  3436 | D:3      | Reached skill level 9 in Stealth
  4080 | D:4      | Reached XP level 7. HP: 31/35 MP: 8/8
  4564 | D:4      | Reached skill level 1 in Slings
  4784 | D:5      | Entered Level 5 of the Dungeon
  4816 | D:5      | Reached skill level 10 in Stealth
  4864 | D:5      | Reached skill level 5 in Short Blades
  4893 | D:5      | Reached XP level 8. HP: 36/40 MP: 9/9
  5241 | D:5      | Reached skill level 5 in Dodging
  5618 | D:5      | Identified 2 scrolls of acquirement
  5618 | D:5      | Acquired a +2 buckler of cold resistance
  6025 | D:5      | Found an iron altar of Okawaru.
  6161 | D:5      | Acquired the +7 fire dragon scales of Thoughtfulness {+Inv
                  | rF++ rC- Str+4}
  6189 | D:5      | Reached skill level 1 in Shields
  6193 | D:5      | Reached skill level 11 in Stealth
  6667 | D:5      | Learned a level 3 spell: Call Canine Familiar
  6802 | D:5      | Reached XP level 9. HP: 45/45 MP: 10/10
  6959 | D:6      | Noticed Eustachio
  6982 | D:6      | Killed Eustachio
  7007 | D:6      | Reached skill level 1 in Spellcasting
  7047 | D:6      | Reached skill level 1 in Summonings
  7047 | D:6      | Reached skill level 1 in Evocations
  7092 | D:6      | Found a sand-covered staircase.
  7099 | Ossuary  | Entered an ossuary
  7572 | D:6      | Reached skill level 1 in Armour
  7963 | D:6      | Noticed Edmund
  7994 | D:6      | Killed Edmund
  8039 | D:6      | Reached skill level 1 in Maces & Flails
  9327 | D:7      | Found Asorosk's Weapon Emporium.
  9400 | D:7      | Found Laodabli's Antique Weapon Shop.
  9493 | D:8      | Reached XP level 10. HP: 51/51 MP: 16/16
 10292 | D:9      | Found a staircase to the Orcish Mines.
 10306 | D:9      | Reached skill level 12 in Stealth
 11503 | D:9      | Reached skill level 5 in Spellcasting
 11588 | D:9      | Found a staircase to the Lair.
 11597 | D:9      | Bought a lead wand for 132 gold pieces
 11597 | D:9      | Bought a scroll of magic mapping for 115 gold pieces
 11597 | D:9      | Bought a scroll labelled LATOCK PUISYTY for 33 gold pieces
 11623 | D:9      | Noticed a two-headed ogre
 11636 | D:9      | Killed a two-headed ogre
 11637 | D:9      | Reached skill level 5 in Fighting
 11967 | D:9      | Reached skill level 5 in Evocations
 11967 | D:9      | Reached XP level 11. HP: 44/55 MP: 19/19
 12242 | Lair:1   | Entered Level 1 of the Lair of Beasts
 12242 | Lair:1   | Noticed Gastronok
 12249 | D:9      | Bought the amulet "Xextieq" {Reflect rElec rPois rC- SH+5
                  | Stlth+} for 660 gold pieces
 12905 | Lair:1   | Killed Gastronok
 13048 | Lair:1   | Noticed Nergalle
 13073 | Lair:1   | Killed Nergalle
 13242 | Lair:1   | Reached skill level 13 in Stealth
 13693 | Lair:1   | Noticed a fire dragon
 13808 | Lair:1   | Killed a fire dragon
 13809 | Lair:1   | Reached skill level 5 in Shields
 13996 | Lair:1   | Identified the +7 hand crossbow "Ucranter" {penet, rElec
                  | rCorr Int+2 Dex-4}
 13997 | Lair:1   | Identified the +0 plate armour "Offaos" {rPois Will- Dex+3}
 13998 | Lair:1   | Identified the +5 short sword of the Harvest {speed, Dex+4}
 14346 | Lair:2   | Reached XP level 12. HP: 38/60 MP: 22/22
 14458 | Lair:2   | Learned a level 1 spell: Magic Dart
 14461 | Lair:2   | Learned a level 2 spell: Blink
 14513 | Lair:2   | Found a runed translucent gate.
 14513 | Lair:2   | Found a runed translucent gate.
 14513 | Lair:2   | Found a runed translucent gate.
 14515 | Lair:2   | Noticed Pogiss's ghost (adept KoBr)
 15205 | Lair:2   | Reached skill level 1 in Translocations
 16171 | Lair:3   | Reached skill level 1 in Conjurations
 16879 | Lair:3   | Found a staircase to the Snake Pit.
 17342 | Lair:4   | Reached skill level 14 in Stealth
 17388 | Lair:4   | Noticed a four-headed hydra
 17411 | Lair:4   | Noticed an eight-headed hydra
 17459 | Lair:4   | Killed a four-headed hydra
 17477 | Lair:4   | Reached skill level 10 in Dodging
 17541 | Lair:4   | Killed an eight-headed hydra
 18189 | Lair:4   | Reached XP level 13. HP: 64/64 MP: 25/25
 18274 | Lair:4   | Found a staircase to the Shoals.
 18665 | Lair:4   | Acquired 1025 gold pieces
 19061 | Lair:5   | Found a staircase to the Slime Pits.
 19112 | Lair:5   | Reached skill level 5 in Translocations
 20524 | Lair:5   | Reached skill level 5 in Armour
 20524 | Lair:5   | Reached skill level 15 in Stealth
 20550 | Lair:5   | Identified the ring "Tirphaz" {rElec rCorr Stlth+}
 20812 | D:9      | Bought a potion of berserk rage for 165 gold pieces
 20863 | Lair:6   | Entered Level 6 of the Lair of Beasts
 21018 | Lair:6   | Reached skill level 5 in Summonings
 21571 | Lair:6   | Noticed Rupert
 21573 | Lair:6   | Killed Rupert
 21836 | Lair:6   | Noticed a fire dragon
 22146 | Lair:6   | Slain by a black mamba

Illustrated notes

Levels and vault maps discovered:
D:1:      eino_arrival_druids_welcome, layout_basic,
          shapermc_ecumenical_altar_ellora
D:2:      layout_basic
D:3:      mumra_celtic_spiral_tile, layout_basic, small_statue_intersection,
          uniq_crazy_yiuf_cottage
D:4:      layout_gridville, minmay_temple_entry_hall
D:5:      corexii_shantytown, layout_cave_pods, mainiacjoe_overflow_brackets,
          minmay_fractal_squares_gapless_5
D:6:      layout_basic, chequers_ossuary_entry_cave, uniq_edmund, uniq_eustachio
D:7:      layout_basic, serial_shops, nicolae_shop_bloodbath_and_beyond,
          nicolae_shop_trees, kennysheep_generic_room_12
D:8:      layout_rooms
D:9:      cheibrodos_helix_gallery, layout_irregular_city,
          minmay_lair_entry_grove, david_orc_2
Temple:   minmay_crystal_snake_temple
Lair:1:   dragon1_lemuel, layout_regular_city, beast_lair_carwin_1,
          lemuel_fruit_tree, infiniplex_staircase_pool, uniq_gastronok,
          uniq_nergalle
Lair:2:   layout_cave_pods, ebering_ghost_rock_garden, beast_lair_carwin_6,
          lemuel_fruit_fields
Lair:3:   layout_hall_layers, minmay_snake_entry_six_corridors,
          serial_bayou_shore_a
Lair:4:   layout_cave_pods, minmay_shoals_entry_hut, lemuel_fruit_fields,
          serial_bayou_shore_b, grunt_megastairs_3
Lair:5:   layout_hall_layers, nicolae_slime_entry_slimehenge,
          chequers_serial_rivers_room_a, dpeg_oklob_1
Lair:6:   cheibrodos_lair_end_hotspot, layout_gridlike, serial_bayou_crossing,
          uniq_rupert

Skill      XL: |  1  2  3  4  5  6  7  8  9 10 11 12 13 |
---------------+----------------------------------------+-----
Stealth        | 6 7 8 9 10 11 12 13 14 15 | 15.3
Fighting       | 2 3 4 5 6 |  6.0
Dodging        | 2 3 4 6 7 8 9 10 | 10.6
Short Blades   | 3 4 5 6 7 8 |  8.8
Slings         | 1 2 3 |  3.6
Throwing       | 3 4 |  4.5
Shields        | 1 2 3 5 6 |  6.1
Spellcasting   | 3 5 6 7 8 |  8.8
Summonings     | 2 3 4 5 |  5.6
Evocations     | 3 5 6 7 9 |  9.0
Armour         | 1 2 3 4 5 |  5.2
Maces & Flails | 1 2 3 |  3.5
Translocations | 4 6 |  6.6
Conjurations   | 1 3 |  3.0

Action                   |  1- 3 |  4- 6 |  7- 9 | 10-12 | 13-15 || total
-------------------------+-------+-------+-------+-------+-------++-------
Melee: Dagger            |    24 |       |       |       |       ||    24
       Short sword       |    76 |   149 |   551 |   437 |   686 ||  1899
       Punch             |       |     1 |     5 |       |       ||     6
       Mace              |       |       |    95 |   379 |       ||   474
 Fire: Hunting sling     |       |     3 |    27 |    28 |    50 ||   108
Throw: Dart              |    10 |    26 |    44 |    51 |    37 ||   168
Invok: Call Merchant     |       |       |       |     2 |       ||     2
 Abil: Evoke Invisibilit |       |       |       |     8 |     3 ||    11
Evoke: Wand              |       |       |       |     4 |    14 ||    18
  Use: Scroll            |       |     7 |    13 |     7 |     4 ||    31
       Potion            |       |       |     2 |     5 |     2 ||     9
 Stab: Sleeping          |    18 |    10 |    21 |    19 |     8 ||    76
       Distracted        |       |       |     4 |     3 |     9 ||    16
       Invisible         |       |       |       |    35 |    19 ||    54
Armor: Robe              |    16 |    17 |    40 |       |       ||    73
       Fire dragon scale |       |       |    83 |   196 |    49 ||   328
Dodge: Dodged            |    62 |    97 |   409 |   618 |   205 ||  1391
Block: Buckler           |       |       |   199 |   601 |   323 ||  1123
       Reflection        |       |       |       |     1 |     5 ||     6
